 Dungeon Crawl Stone Soup version 0.17.2-1-ge4368a0 (webtiles) character file.

159 ololoev the Skirmisher (level 5, -1/42 HPs)
             Began as a Demonspawn Fighter on Oct 26, 2016.
             Slain by an ogre
             ... wielding a +0 giant spiked club
              (11 damage)
             ... on level 5 of the Dungeon.
             The game lasted 00:03:39 (592 turns).

ololoev the Skirmisher (Demonspawn Fighter)          Turns: 592, Time: 00:03:39

Health: -1/42      AC: 12    Str: 17    XL:     5   Next: 17%
Magic:  5/5        EV: 12    Int: 14    God:
Gold:   93         SH:  0    Dex: 18    Spells: 0 memorised, 4 levels left

rFire  + . .     SeeInvis .     a - +0 war axe
rCold  . . .     Clarity  .     g - +0 chain mail
rNeg   . . .     SustAt   .     (no shield)
rPois  .         Gourm    .     (helmet restricted)
rElec  .         Spirit   .     (no cloak)
rCorr  .         Warding  .     (no gloves)
rMut   .         Stasis   .     (no boots)
MR     .....                    (no amulet)
Stlth  ..........               (no ring)
                                (no ring)

@: brilliant, agile, not resistant to hostile enchantments, extremely unstealthy
A: horns 1, yellow scales 2, fire resistance 1
a: no special abilities


Innate Abilities, Weirdness & Mutations

You have a pair of small horns on your head.
You are mostly covered in yellow scales (AC +3).
Your flesh is heat resistant.

Inventory:

Hand Weapons
 a - a +0 war axe (weapon)
Armour
 g - a +0 chain mail (worn)
Scrolls
 b - a scroll of magic mapping {unknown}
 c - a scroll of remove curse {unknown}
 d - a scroll of amnesia {unknown}
 f - a scroll of random uselessness {unknown}
 h - a scroll of recharging {unknown}
 i - a scroll of enchant armour {unknown}
 l - 2 scrolls of identify {unknown}
Comestibles
 e - 2 bread rations


   Skills:
 + Level 3.9 Fighting
 * Level 3.7 Axes
 + Level 3.4 Armour
   Level 2.6 Shields


You had 4 spell levels left.
You didn't know any spells.


You were on level 5 of the Dungeon.
You were not hungry.

You visited 1 branch of the dungeon, and saw 5 of its levels.

You collected 93 gold pieces.

.........
#.......#
#.......##
... #.......#
....
#......##....
#.....#...#
#..O.....#
#.@....#
##....##
#...## ##.##
#..###
##....####
##.......(#
#.........#
##.........#

Notes
Turn   | Place    | Note
--------------------------------------------------------------
     0 | D:1      | ololoev the Demonspawn Fighter began the quest for the Orb.
     0 | D:1      | Reached XP level 1. HP: 18/18 MP: 1/1
    61 | D:1      | Gained mutation: You have a pair of small horns on your head. [demonic ancestry]
    61 | D:1      | Reached XP level 2. HP: 20/24 MP: 2/2
   179 | D:2      | Gained mutation: You are partially covered in yellow scales (AC +2). [demonic ancestry]
   179 | D:2      | Reached XP level 3. HP: 4/29 MP: 3/3
   203 | D:2      | Gained mutation: Your flesh is heat resistant. [potion of beneficial mutation]
   204 | D:2      | HP: 1/29 [jackal (2)]
   458 | D:4      | Reached XP level 4. HP: 19/35 MP: 4/4
   467 | D:4      | Got a twisted leather armour
   478 | D:4      | Identified the +2 leather armour "Buxog" {Dex+2} (You found it on level 4 of the Dungeon)
   538 | D:5      | Entered Level 5 of the Dungeon
   556 | D:5      | Noticed a giant frog
   566 | D:5      | Killed a giant frog
   566 | D:5      | Gained mutation: You are mostly covered in yellow scales (AC +3). [demonic ancestry]
   566 | D:5      | Reached XP level 5. HP: 6/42 MP: 5/5
   588 | D:5      | Noticed an ogre
   592 | D:5      | Slain by an ogre

Dungeon Overview and Level Annotations

Branches:
Dungeon (5/15)
 Temple: D:4-7

Altars:


Message History

You are very lightly contaminated with residual magic.
You catch the helpless giant frog completely off-guard!
You hit the giant frog.
The giant frog is moderately wounded.
The giant frog closely misses you. The giant frog barely misses you.
You slash the giant frog!
You headbutt the giant frog, but do no damage.
The giant frog is severely wounded.
The giant frog closely misses you. x2
You closely miss the giant frog.
The giant frog is severely wounded.
The giant frog hits you but does no damage. x2
You barely miss the giant frog.
The giant frog is severely wounded.
The giant frog barely misses you. The giant frog hits you.
You catch the helpless giant frog completely off-guard!
You hit the giant frog.
The giant frog is severely wounded.
The giant frog closely misses you. x2
You closely miss the giant frog.
The giant frog is severely wounded.
You flicker for a moment.
The giant frog hits you. The giant frog barely misses you.
You catch the helpless giant frog completely off-guard!
You slash the giant frog!
You kill the giant frog!
You have reached level 5!
Your demonic ancestry asserts itself...
Yellow scales spread over more of your body.
You see here a giant frog corpse.
Found an escape hatch in the floor.
You flicker back into view.
Found a bread ration and 21 arrows.
e - 2 bread rations (gained 1)
An ogre comes into view. It is wielding a giant spiked club.
Your magical contamination has completely faded away.
You slash the ogre! You headbutt the ogre.
The ogre is heavily wounded.
The ogre hits you with a giant spiked club!
You die...

You could see an ogre.

Vanquished Creatures
  A giant frog (D:5)
  A hound (D:4)
  2 adders
  2 giant geckos
  2 orcs (D:4)
  4 bats
  A giant cockroach (D:4)
  A hobgoblin (D:1)
  2 jackals (D:2)
  6 goblins
  A jackal skeleton (D:4)
  3 kobolds
  A rat (D:1)
27 creatures vanquished.

Action                   |  1- 3 |  4- 6 || total
-------------------------+-------+-------++-------
Melee: War axe           |    78 |    14 ||    92
  Use: Potion            |     2 |     3 ||     5
 Stab: Invisible         |       |     3 ||     3

Vault maps used:
D:1:      lightli_arrival_quake
D:3:      ecumenical_altar_2, minivault_27
D:4:      st_stairs_6, lexackson_kobold_supper
D:5:      minmay_temple_entry_statues_pillars, first_bread, serial_shops,
          kennysheep_mini, wad_floor_pattern_1
